 Dungeon Crawl Stone Soup version 0.29.1-1-gd02db6906a (webtiles) character file.

Game seed: 13882696251188619485

46 H0rd4k the Insei (level 3, -2/23 HPs)
             Began as an Octopode Transmuter on Oct 17, 2022.
             Slain by an endoplasm (3 damage)
             ... on level 3 of the Dungeon.
             The game lasted 00:01:49 (1977 turns).

H0rd4k the Insei (Octopode Transmuter)              Turns: 1977, Time: 00:01:49

Health: -2/23      AC:  1    Str:  9    XL:     3   Next: 68%
Magic:  6/6        EV: 14    Int: 17    God:
Gold:   86         SH:  0    Dex: 18    Spells: 5/6 levels left

rFire   . . .      SeeInvis .     - Unarmed
rCold   . . .      Faith    .   (no shield)
rNeg    . . .      Spirit   .   (helmet restricted)
rPois   .          Reflect  .   (no amulet)
rElec   .          Harm     .   i - +6 ring of dexterity
rCorr   +          Rampage  .   m - ring of resist corrosion
Will    .....                   (no ring)
Stlth   +++.......              (no ring)
HPRegen 0.07/turn               (no ring)
MPRegen 0.10/turn               (no ring)
                                (no ring)
                                (no ring)

@: no status effects
A: almost no armour, amphibious, 8 rings, camouflage 1, gelatinous body 1,
(nimble swimmer 1), tentacles
a: no special abilities


You were on level 3 of the Dungeon.
You visited 1 branch of the dungeon, and saw 3 of its levels.

You collected 86 gold pieces.

Inventory:

Missiles
 h - 6 poisoned darts
Jewellery
 i - a +6 ring of dexterity (left tentacle)
 m - a ring of resist corrosion (right tentacle)
Wands
 q - a wand of light (12)
Scrolls
 b - a scroll of acquirement {unknown}
 e - 2 scrolls of teleportation {unknown}
 g - 2 scrolls of identify {unknown}
 l - 3 scrolls of noise {unknown}
 n - a scroll of immolation {unknown}
 r - a scroll of magic mapping {unknown}
Potions
 a - a potion of lignification
 c - 2 potions of heal wounds {unknown}
 d - 2 potions of might {unknown}
 f - a potion of berserk rage {unknown}
 j - a potion of invisibility {unknown}
 k - 2 potions of magic {unknown}
 o - a potion of mutation {unknown}
 p - a potion of flight {unknown}


   Skills:
 + Level 1.0 Fighting
 + Level 2.3 Dodging
 + Level 1.2 Stealth
 + Level 4.0 Unarmed Combat
 + Level 2.1 Spellcasting
 + Level 2.1 Transmutations


You had 5 spell levels left.
You knew the following spells:

 Your Spells              Type           Power      Damage    Failure   Level
a - Beastly Appendage     Tmut           18%        N/A       8%          1

Your spell library contained the following spells:

 Spells                   Type           Power      Damage    Failure   Level
 Wereblood                Tmut           9%         N/A       12%         2
 Spider Form              Tmut/Pois      5%         N/A       36%         3
 Ice Form                 Ice/Tmut       5%         N/A       77%         4
 Iskenderun's Battlesphe  Conj           1%         2d6       99%         5
 Iron Shot                Conj/Erth      0%         9d1       100%        6
 Spellforged Servitor     Conj/Summ      0%         N/A       100%        7


Dungeon Overview and Level Annotations

Branches:
Dungeon (3/15)

Altars:

Shops:
D:2 :


Innate Abilities, Weirdness & Mutations

You cannot wear most types of armour.
You are amphibious.
You can wear up to eight rings at the same time.
Your skin changes colour to match your surroundings (Stealth+).
Your rubbery body absorbs attacks. (AC +1, EV +1)
((You are camouflaged when in or above water. (Stealth+)))
You have tentacles for arms and can constrict up to eight enemies at once.


Message History

The hobgoblin barely misses you.
You tentacle-slap the hobgoblin but do no damage.
You squeeze the hobgoblin.
You kill the hobgoblin!
Your Unarmed Combat skill increases to level 4!
You see here a hobgoblin corpse.
A dart slug and an endoplasm come into view.
The endoplasm quivers.
The endoplasm hits you.
The goblin shouts!
The goblin completely misses you.
You see here a pink potion.
You tentacle-slap the goblin but do no damage.
You grab the goblin. You constrict the goblin. The goblin barely misses you.
The endoplasm freezes you.
You are frozen.
The dart slug bites you.
You tentacle-slap the goblin but do no damage.
The goblin is heavily wounded.
You constrict the goblin. The endoplasm hits you.
The goblin closely misses you.
You tentacle-slap the goblin.
You kill the goblin!
The dart slug launches a dart at you. The slug dart misses you.
The endoplasm freezes you.
You are frozen.
You tentacle-slap the dart slug. You grab the dart slug.
You squeeze the dart slug.
The dart slug is severely wounded.
You constrict the dart slug. The endoplasm freezes you.
You are frozen.
* * * LOW HITPOINT WARNING * * *
The dart slug launches a dart at you. The slug dart hits you.
* * * LOW HITPOINT WARNING * * *
You tentacle-slap the dart slug.
You kill the dart slug!
The endoplasm hits you.
You die...

#### ~~~ #~~
~.. ~~# #~~ ..
~~# #~~. .♣
.~~#
#~...♣♣.♣♣...~#
#~...♣..)♣...~#
#~..♣..♣@.♣..~#
#~...♣.J.♣...~#
#~...♣♣.♣♣...~#
#~~....♣....~~#
#~~~...†...~~~#
#~~~~†....~~~~#
#~~~~~~.~~~~~~#
#######'#######
#.#.###########


You could see an endoplasm.

Vanquished Creatures
  An adder (D:2)
  A worm (D:2)
  A dart slug (D:3)
  4 bats
  4 endoplasms
  A giant cockroach (D:1)
  2 goblins
  3 hobgoblins
  3 quokkas
  5 ball pythons
  2 frilled lizards (D:1)
  4 kobolds
  2 rats
33 creatures vanquished.

Notes
Turn   | Place    | Note
-------+----------+-------------------------------------------
     0 | D:1      | H0rd4k the Octopode Transmuter began the quest for the Orb.
     0 | D:1      | Reached XP level 1. HP: 13/13 MP: 3/3
   408 | D:1      | Reached XP level 2. HP: 17/18 MP: 5/5
  1171 | D:2      | Reached XP level 3. HP: 21/23 MP: 6/6
  1379 | D:2      | Found Gattar's Book Shoppe.
  1591 | D:2      | Reached skill level 1 in Stealth
  1638 | D:2      | Found a faded altar of an unknown god.
  1967 | D:3      | Reached skill level 4 in Unarmed Combat
  1976 | D:3      | HP: 1/23 [dart slug/slug dart (4)]
  1977 | D:3      | Slain by an endoplasm

Illustrated notes

Levels and vault maps discovered:
D:1:      kennysheep_arrival_seaside, layout_rooms
D:2:      layout_basic, ebering_ecumenical_altar_hall, serial_shops,
          nicolae_shop_hallway_stairs
D:3:      layout_loops_ring, grunt_temple_overflow_opulence,
          nicolae_qazlal_style_of_elements, cheibrodos_sewer_entry_drain,
          kennysheep_generic_room_2

Skill      XL: |  1  2  3 |
---------------+----------+-----
Stealth        | 1 |  1.2
Unarmed Combat | 4 |  4.0
Fighting       | |  1.0
Dodging        | |  2.3
Spellcasting   | |  2.1
Transmutations | |  2.1

Action                   || total
-------------------------++-------
Melee: Unarmed           ||    83
       Tentacles         ||    18
       Constrict         ||    24
       Punch             ||     2
       Kick              ||     1
 Cast: Beastly Appendage ||     1
 Stab: Sleeping          ||     7
Armor: Skin              ||     3
Dodge: Dodged            ||    58
